 Dungeon Crawl Stone Soup version 0.18.2-3-g5ac21b8443 (webtiles) character file.

112 KristoblXynda the Cutter (level 5, 0/32 HPs)
             Began as a Kobold Gladiator on Nov 5, 2021.
             Was a Follower of Ashenzari.
             Succumbed to an adder's poison
             ... on level 3 of the Dungeon.
             The game lasted 00:03:22 (2528 turns).

KristoblXynda the Cutter (Kobold Gladiator)         Turns: 2528, Time: 00:03:22

Health: 0/32       AC:  4    Str: 15    XL:     5   Next: 16%
Magic:  5/5        EV: 16    Int:  6    God:    Ashenzari [*.....]
Gold:   130        SH:  0    Dex: 16    Spells: 0 memorised, 4 levels left

rFire  . . .     SeeInvis .     a - +0 rapier
rCold  . . .     Gourm    .     b - +0 leather armour
rNeg   . . .     Faith    .     (shield restricted)
rPois  .         Spirit   .     c - +0 helmet
rElec  .         Dismiss  .     (no cloak)
rCorr  .         Reflect  .     (no gloves)
SustAt .         Harm     .     (no boots)
MR     .....                    (no amulet)
Stlth  +++.......               (no ring)
                                p - ring of stealth

@: lethally poisoned (0 -> -9), not resistant to hostile enchantments, fairly
stealthy
A: carnivore 3
a: Curse Item, Scrying, Renounce Religion


You were on level 3 of the Dungeon.
You worshipped Ashenzari.
Ashenzari was aware of your devotion.
You were completely stuffed.

You visited 1 branch of the dungeon, and saw 3 of its levels.

You collected 130 gold pieces.

Inventory:

Hand Weapons
 a - a +0 rapier (weapon)
Missiles
 d - 3 throwing nets (quivered)
Armour
 b - a +0 leather armour (worn)
 c - a +0 helmet (worn)
Jewellery
 k - an uncursed ring of fire
 p - a ring of stealth (left hand)
Scrolls
 g - a scroll of enchant weapon {unknown}
 h - a scroll of random uselessness {unknown}
 j - 5 scrolls of remove curse
 q - 2 scrolls of identify {unknown}
Potions
 e - a potion of might {unknown}
 i - a potion of lignification {unknown}
 l - a potion of curing {unknown}
 o - a potion of heal wounds {unknown}
Books
 n - a book of Power

   Spells                             Type                      Level
   a - Fulminant Prism                Conjuration/Hexes            4
   b - Iskenderun's Mystic Blast      Conjuration                  4
   c - Venom Bolt                     Conjuration/Poison           5
   d - Bolt of Magma                  Conjuration/Fire/Earth       5
   e - Iron Shot                      Conjuration/Earth            6
   f - Orb of Destruction             Conjuration                  7
   g - Spellforged Servitor           Conjuration/Summoning        7
Comestibles
 f - 3 meat rations
 m - a beef jerky
 r - a chunk of flesh


   Skills:
 + Level 3.2 Fighting
 + Level 4.8 Short Blades
 - Level 2.1 Throwing
 + Level 4.5 Dodging
 + Level 3.2 Stealth


You had 4 spell levels left.
You didn't know any spells.

Dungeon Overview and Level Annotations

Branches:
Dungeon (3/15)

Altars:
Ashenzari
Elyvilon
Nemelex Xobeh
Pakellas
Qazlal


Innate Abilities, Weirdness & Mutations

You are small and have problems with some larger weapons.
You are carnivorous and can eat meat at any time.


Message History

The goblin hits you with an uncursed club.
You hit the adder.
The adder is almost dead.
You feel sick. The adder bites you. The giant cockroach misses you.
The goblin barely misses you. The adder closely misses you.
You hit the adder.
The adder is almost dead.
The giant cockroach bites you but does no damage.
The goblin barely misses you. The adder bites you.
* * * LOW HITPOINT WARNING * * *
You are lethally poisoned!
The adder poisons you! The giant cockroach bites you.
* * * LOW HITPOINT WARNING * * *
* * * LOW HITPOINT WARNING * * *
You feel sick.
The goblin unwields an uncursed club.
The goblin wields an uncursed hunting sling.
The goblin shoots a stone.
The stone hits you.
* * * LOW HITPOINT WARNING * * *
You see here a stone.
You die...

. #....# #.....#.. ..
#....# #.....#..
...##....###### #).......
..............# ###..###.
..............# .......
#....g.......# #####.###.
#......Ss....# ..........
#......(.....#..........#
#.......@....#..........#
#.......................#
##########..............#
#((.............
#.....(.........
#.<..........>..
####.............†.
#..........####....
#..........# #....


You could see an adder, a giant cockroach and a goblin.

Vanquished Creatures
  3 adders
  An ooze (D:1)
  2 worms (D:2)
  4 dart slugs
  3 orcs (D:3)
  5 giant cockroaches
  8 goblins
  7 hobgoblins
  2 jackals (D:1)
  2 quokkas (D:2)
  A ball python (D:3)
  6 bats
  A giant newt (D:2)
  8 kobolds
  8 rats
61 creatures vanquished.

Notes
Turn   | Place    | Note
--------------------------------------------------------------
     0 | D:1      | KristoblXynda the Kobold Gladiator began the quest for the Orb.
     0 | D:1      | Reached XP level 1. HP: 12/12 MP: 1/1
    57 | D:1      | Reached skill level 1 in Stealth
    57 | D:1      | Reached XP level 2. HP: 9/17 MP: 2/2
   677 | D:1      | Reached XP level 3. HP: 22/22 MP: 3/3
  1493 | D:2      | Found a shattered altar of Ashenzari.
  1609 | D:2      | Became a worshipper of Ashenzari the Shackled
  1738 | D:2      | Reached XP level 4. HP: 18/27 MP: 4/4
  2070 | D:2      | Found a stormy altar of Qazlal.
  2329 | D:3      | Reached XP level 5. HP: 28/32 MP: 5/5
  2413 | D:3      | Found a sparkling altar of Nemelex Xobeh.
  2413 | D:3      | Found an oddly glowing altar of Pakellas.
  2416 | D:3      | Found a white marble altar of Elyvilon.
  2457 | D:3      | Reached * piety under Ashenzari
  2527 | D:3      | HP: 1/32 [goblin/stone (3)]
  2528 | D:3      | Succumbed to an adder's poison

Skill      XL: |  1  2  3  4 |
---------------+-------------+-----
Stealth        | 1 2 3 |  3.2
Dodging        | 4 |  4.5
Fighting       | 3 |  3.2
Short Blades   | |  4.8
Throwing       | |  2.1

Action                   |  1- 3 |  4- 6 || total
-------------------------+-------+-------++-------
Melee: Rapier            |   125 |    74 ||   199
 Stab: Sleeping          |     5 |     8 ||    13
       Distracted        |       |     1 ||     1
  Eat: Chunk             |    11 |     3 ||    14
Armor: Leather armour    |    29 |     9 ||    38
Dodge: Dodged            |   103 |    57 ||   160
